 Dungeon Crawl Stone Soup version 0.30-a0-377-g5cb311bc9f (webtiles) character file.

Game seed: 17048351657903747552

91 qeuew the Gusty (level 4, -10/24 HPs)
             Began as a Tengu Air Elementalist on Nov 28, 2022.
             Was a Follower of Nemelex Xobeh.
             Mangled by an iguana (12 damage)
             ... on level 3 of the Dungeon.
             The game lasted 00:03:02 (2796 turns).

qeuew the Gusty (Tengu Air Elementalist)            Turns: 2796, Time: 00:03:03

Health: -10/24     AC:  2    Str:  8    XL:     4   Next: 59%
Magic:  1/8        EV: 13    Int: 15    God:    Nemelex Xobeh [*.....]
Gold:   267        SH:  0    Dex: 17    Spells: 5/8 levels left

rFire   . . .      SeeInvis .    (no weapon)
rCold   . . .      Faith    .    (no shield)
rNeg    . . .      Spirit   .    a - +0 robe
rPois   .          Reflect  .    (helmet restricted)
rElec   .          Harm     .    (no cloak)
rCorr   .          Rampage  .    (no gloves)
Will    .....                    (boots unavailable)
Stlth   ++........               (no amulet)
HPRegen 0.24/turn                (no ring)
MPRegen 0.11/turn                (no ring)

@: no status effects
A: beak, talons 3
a: Renounce Religion, Draw Escape, Draw Destruction, Draw Summoning


You were on level 3 of the Dungeon.
You worshipped Nemelex Xobeh.
Nemelex Xobeh was aware of your devotion.
You visited 1 branch of the dungeon, and saw 3 of its levels.

You collected 267 gold pieces.

Inventory:

Armour
 a - a +0 robe (worn)
Jewellery
 c - a ring of flight
 n - a ring of wizardry
Wands
 k - a wand of charming (8)
Scrolls
 e - a scroll of summoning {unknown}
 i - a scroll of magic mapping {unknown}
 l - a scroll of teleportation
Potions
 b - a potion of magic
 d - a potion of brilliance
 f - 2 potions of heal wounds
 g - a potion of cancellation
 h - a potion of flight
 j - a potion of ambrosia


   Skills:
 + Level 3.0 Dodging
 + Level 2.7 Stealth
 + Level 2.5 Spellcasting
 + Level 2.8 Conjurations
 + Level 4.6 Air Magic
 * Level 0.2 Invocations


You had 5 spell levels left.
You knew the following spells:

 Your Spells              Type           Power      Damage    Failure   Level
a - Shock                 Conj/Air       52%        1d6       4%          1
b - Static Discharge      Conj/Air       26%        2-4/arc   7%          2

Your spell library contained the following spells:

 Spells                   Type           Power      Damage    Failure   Level
 Swiftness                Air            15%        N/A       10%         3
 Airstrike                Air            7%         2d(2-18)  30%         4
 Ensorcelled Hibernation  Hex/Ice        2%         N/A       32%         2
 Passwall                 Tmut/Erth      0%         N/A       32%         2
 Manifold Assault         Tloc           1%         N/A       91%         4
 Dispersal                Tloc           0%         N/A       100%        6
 Disjunction              Tloc           0%         N/A       100%        8


Dungeon Overview and Level Annotations

Branches:
Dungeon (3/15)

Altars:
Nemelex Xobeh

Shops:
D:1 *

Annotations:
D:3 2 transporters, bakla's ghost, amateur GnHW


Innate Abilities, Weirdness & Mutations

You have a beak for a mouth.
You have claws for feet.


Message History

The zap hits the iguana.
The iguana is heavily wounded.
The zap hits the iguana.
The iguana is heavily wounded.
The zap misses the iguana.
The zap hits the iguana.
The iguana is severely wounded.
The iguana misses you.
The zap hits the iguana but does no damage.
The iguana is severely wounded.
The iguana bites you!
Your magical contamination has completely faded away.
You are out of magic!
You are out of magic!
You are out of magic!
You barely miss the iguana. You claw the iguana.
The iguana is severely wounded.
The iguana misses you.
You closely miss the iguana. Your kick misses the iguana.
You peck the iguana, but do no damage.
The iguana is severely wounded.
The iguana barely misses you.
You barely miss the iguana.
The iguana is severely wounded.
The iguana barely misses you.
You hit the iguana. You claw the iguana, but do no damage.
The iguana is almost dead.
The iguana bites you!
* * * LOW HITPOINT WARNING * * *
You hit the iguana but do no damage. You claw the iguana, but do no damage.
Your peck misses the iguana.
The iguana is almost dead.
The iguana bites you.
* * * LOW HITPOINT WARNING * * *
You hit the iguana but do no damage. You peck the iguana.
The iguana is almost dead.
The iguana bites you!
Ouch! That really hurt!
You die...
Your body disappears without a glow.

.# .# .# #### .# ..#
.# #.# .#
#.########l#
#######........@.#.#
..........########.#
..........# #.#
########..# #.#
.....©#..# #.#
Z.....#..# #.#
.###..#..########.##
.#8#Z.#..#.........#
......#....######..#


You could see an iguana.

Vanquished Creatures
  3 adders
  A worm (D:2)
  A dart slug (D:3)
  2 orcs (D:3)
  7 ball pythons
  5 endoplasms
  4 giant cockroaches
  2 goblins (D:2)
  7 hobgoblins
  3 quokkas
  A bat (D:2)
  7 frilled lizards
  8 kobolds
  7 rats
58 creatures vanquished.

Notes
Turn   | Place    | Note
-------+----------+-------------------------------------------
     0 | D:1      | qeuew the Tengu Air Elementalist began the quest for the
                  | Orb.
     0 | D:1      | Reached XP level 1. HP: 10/10 MP: 4/4
   273 | D:1      | Reached XP level 2. HP: 15/15 MP: 1/6
   381 | D:1      | Learned a level 2 spell: Static Discharge
   543 | D:1      | Found Tomidud's Assorted Antiques.
  1294 | D:2      | Reached XP level 3. HP: 19/19 MP: 4/7
  1945 | D:2      | Reached XP level 4. HP: 24/24 MP: 2/8
  2586 | D:3      | Found a faded altar of an unknown god.
  2609 | D:3      | Prayed at the altar of an unknown god.
  2609 | D:3      | Became a worshipper of Nemelex Xobeh the Trickster
  2609 | D:3      | Reached * piety under Nemelex Xobeh
  2609 | D:3      | Received a gift from Nemelex Xobeh
  2758 | D:3      | Found a transporter.
  2760 | D:3      | Noticed bakla's ghost (amateur GnHW)
  2763 | D:3      | Found a transporter.
  2796 | D:3      | Mangled by an iguana

Illustrated notes

Levels and vault maps discovered:
D:1:      roderic_crossed_star, layout_basic, serial_shops,
          nicolae_diamond_shop, minmay_pentomino_q2
D:2:      wander_river, layout_loops_ring, minmay_joined_circles
D:3:      layout_loops_ring, gammafunk_ghost_mausoleum,
          dreamdust_ecumenical_altar_statues, st_stairs_2

Skill      XL: |  1  2  3  4 |
---------------+-------------+-----
Conjurations   | 2 |  2.8
Dodging        | 3 |  3.0
Stealth        | |  2.7
Spellcasting   | |  2.5
Air Magic      | |  4.6
Invocations    | |  0.2

Action                   |  1- 3 |  4- 6 || total
-------------------------+-------+-------++-------
Melee: Unarmed           |    22 |     9 ||    31
       Kick              |     8 |     3 ||    11
       Peck              |     3 |     4 ||     7
 Cast: Shock             |    70 |    43 ||   113
  Use: Scroll            |     3 |     6 ||     9
       Potion            |     2 |     2 ||     4
 Stab: Sleeping          |     1 |       ||     1
Armor: Robe              |     3 |       ||     3
Dodge: Dodged            |    21 |     9 ||    30

Table legend: (Time is in decaauts)
 A = Elapsed time spent in this place.
 B = Non-inter-level travel time spent in this place.
 C = Inter-level travel time spent in this place.
 D = Time resting spent in this place.
 E = Time spent auto-exploring this place.
 F = Levels seen in this place.
 G = Mean time per level.
                   A        B        C        D        E       F      G
               +--------+--------+--------+--------+--------+-----+--------+
         Total |   2806 |   2770 |     36 |      0 |   2482 |   3 |  935.3 |
       Dungeon |   2806 |   2770 |     36 |      0 |   2482 |   3 |  935.3 |
               +--------+--------+--------+--------+--------+-----+--------+

Top non-repeatable levels by time:
     D:2: 1251 daAuts
     D:1: 1139 daAuts
     D:3: 416 daAuts
